 Dungeon Crawl Stone Soup version 0.31-a0-214-gb37851dbb3 (webtiles) character file.

Game seed: 16907450373651765137

310 qw the Shooter (level 6, -1/37 HPs)
             Began as a Gargoyle Hexslinger on July 1, 2023.
             Slain by an ogre
             ... wielding a +0 giant spiked club
              (10 damage)
             ... on level 4 of the Dungeon.
             The game lasted 00:01:08 (2584 turns).

qw the Shooter (Gargoyle Hexslinger)                Turns: 2584, Time: 00:01:08

Health: -1/37      AC:  9    Str: 10 (11) XL:     6   Next: 41%
Magic:  7/7        EV: 10    Int: 14      God:
Gold:   151        SH:  0    Dex: 12 (14) Spells: 6/7 levels left

rFire   . . .        d - +2 sling
rCold   . . .        (no shield)
rNeg    + . .        f - +0 ring mail
rPois   inf          (no helmet)
rElec   +            (no cloak)
rCorr   .            (no gloves)
SInv    .            (no boots)
Will    +....        (no amulet)
Stlth   +            i - +4 ring of slaying {mikee}
HPRegen 0.26/turn    k - ring of willpower
MPRegen 0.10/turn

%: no passive effects
@: about to teleport
A: sickness immunity, AC +4, negative energy resistance 1, electricity
resistance, torment resistance 1, petrification resistance
a: no special abilities


You were on level 4 of the Dungeon.
You visited 1 branch of the dungeon, and saw 4 of its levels.

You collected 151 gold pieces.


Innate Abilities, Weirdness & Mutations

You are immune to sickness and miasma.
Your stone body is resilient. (AC +4)
You are immune to poison.
You resist negative energy. (rN+)
You are resistant to electric shocks. (rElec)
You are resistant to unholy torment.
You are immune to petrification.


   Skills:
 - Level 3.1 Fighting
 + Level 5.8 Ranged Weapons
 - Level 1.0 Armour
 - Level 1.5 Dodging
 - Level 1.0 Spellcasting
 - Level 2.6 Hexes


You had 6 spell levels left.
You knew the following spells:

 Your Spells              Type           Power      Damage    Failure   Level
a - Slow                  Hex            32%        N/A       22%         1

Your spell library contained the following spells:

 Spells                   Type           Power      Damage    Failure   Level
 Inner Flame              Hex/Fire       4%         N/A       75%         3
 Portal Projectile        Hex/Tloc       8%         N/A       75%         3
 Cause Fear               Hex            4%         N/A       91%         4

Inventory:

Hand Weapons
 d - a +2 sling (weapon)
Armour
 f - a +0 ring mail (worn)
Jewellery
 i - a +4 ring of slaying (left hand) {mikee}
 k - a ring of willpower (right hand)
 Y - a +6 ring of strength
Wands
 n - a wand of digging (3)
Scrolls
 b - a scroll of identify
 c - a scroll of teleportation
Potions
 a - a potion of berserk rage {unknown}
 e - a potion of might {unknown}
 g - a potion of haste {unknown}
 j - a potion of ambrosia {unknown}
 l - 2 potions of curing
 m - 2 potions of mutation {unknown}

Dungeon Overview and Level Annotations

Branches:
Dungeon (4/15)
 Temple: D:4-7

Altars:

Shops:
D:4 =


Message History

The iguana bites you!
Enter note:
Enter note:
Enter note:
Enter note:
Enter note:
Enter note:
Enter note:
Enter note:
Enter note: You shoot a sling bullet.
The sling bullet hits the iguana but does no damage.
The iguana is moderately wounded.
The iguana barely misses you.
You shoot a sling bullet.
The sling bullet barely misses the iguana.
The iguana bites you.
You shoot a sling bullet.
The sling bullet hits the iguana but does no damage.
The iguana is moderately wounded.
The iguana bites you but does no damage.
The iguana closely misses you.
You shoot a sling bullet. The sling bullet hits the iguana!
The iguana is almost dead.
The ogre hits you with a +0 giant spiked club!
The iguana bites you but does no damage.
You shoot a sling bullet. The sling bullet hits the iguana.
You kill the iguana!
The ogre closely misses you.
You feel your dexterity returning.
You shoot a sling bullet. The sling bullet hits the ogre.
The ogre is lightly wounded.
The ogre hits you with a +0 giant spiked club!
2583 ||| READING 2 scrolls of teleportation.
As you read the scroll of teleportation, it crumbles to dust.
You feel strangely unstable.
You shoot a sling bullet. The sling bullet hits the ogre.
The ogre is moderately wounded.
The ogre hits you with a +0 giant spiked club!
You die...

#...........#...##....#
##.###.##
###.............##.####
#..^...# #..)..........#..#
##.###...
##%<######....#.#######..###...
##.# #......# #.......#..## #.#
#####.#..# #.........%##
#..###.....#..###.......##..#
##.....#####....#.......###..
#..##.# #@##....###### ###
....###.#####O.####.## .####
#....###.# #..####### ####l# ..
##.......## .# ... #######..#
.# .... ##.## .. ....# #... ##
....# ###. ##


You could see an ogre.

Vanquished Creatures
  2 hounds (D:4)
  Natasha (thrice) (D:4)
  2 iguanas (D:4)
  4 adders
  An ufetubus (D:4)
  2 dart slugs
  5 orcs
  3 ball pythons
  6 endoplasms
  5 giant cockroaches
  5 goblins
  6 hobgoblins
  9 jackals
  5 quokkas
  6 bats
  5 frilled lizards
  6 kobolds
  4 rats
79 creatures vanquished.

Notes
Turn   | Place    | Note
-------+----------+-------------------------------------------
     0 | D:1      | qw the Gargoyle Hexslinger began the quest for the Orb.
     0 | D:1      | Reached XP level 1. HP: 12/12 MP: 2/2
     0 | D:1      | 0 ||| qw: Version: 0.3-a-32-g5962c71
     0 | D:1      | 0 ||| qw: Game counter: 7497
     0 | D:1      | 0 ||| qw: Melee chars always use a shield: true
     0 | D:1      | 0 ||| qw: God list: Okawaru
     0 | D:1      | 0 ||| qw: Allow faded altars: false
     0 | D:1      | 0 ||| qw: Do Orc after clearing Dungeon:15 true
     0 | D:1      | 0 ||| qw: Do second Lair branch before Depths: true
     0 | D:1      | 0 ||| qw: Lair rune preference: random
     0 | D:1      | 0 ||| qw: Goals: Normal
     0 | D:1      | 0 ||| PLANNING D:1-11
   259 | D:1      | Reached XP level 2. HP: 16/16 MP: 3/3
   303 | D:1      | Reached skill level 3 in Ranged Weapons
   579 | D:1      | Reached XP level 3. HP: 21/21 MP: 4/4
   730 | D:1      | 730 ||| UPGRADING to +0 ring mail.
   740 | D:1      | 740 ||| DROPPING +0 robe.
   741 | D:1      | 741 ||| DROPPING scarf of shadows.
   742 | D:1      | 742 ||| UPGRADING to +4 ring of slaying {mikee}.
   743 | D:1      | 743 ||| READING scroll labelled ATESIY GYSISILL.
   747 | D:1      | 747 ||| READING scroll labelled JAIGASUISO.
   748 | D:1      | 748 ||| READING scroll labelled WATEDU MUARPH.
   749 | D:1      | 749 ||| READING scroll labelled CAAGOIL ICKENU.
   750 | D:1      | 750 ||| READING scroll labelled BEEMOR FONEHUGI.
   851 | D:1      | 851 ||| DRINKING 2 pink potions.
   852 | D:1      | 852 ||| DROPPING scroll of poison.
  1403 | D:2      | 1403 ||| READING 2 scrolls labelled LOSMEA OLIU.
  1404 | D:2      | 1404 ||| DRINKING 2 murky yellow potions.
  1405 | D:2      | 1405 ||| DROPPING scroll of blinking.
  1406 | D:2      | 1406 ||| DROPPING potion of attraction.
  1501 | D:3      | Reached skill level 4 in Ranged Weapons
  1501 | D:3      | Reached XP level 4. HP: 26/26 MP: 5/5
  1600 | D:3      | Reached skill level 1 in Armour
  1889 | D:3      | 1889 ||| UPGRADING to +6 ring of strength.
  1890 | D:3      | 1890 ||| UPGRADING to ring of willpower.
  1892 | D:3      | 1892 ||| DRINKING 2 coppery potions.
  1893 | D:3      | 1893 ||| DROPPING potion of degeneration.
  1934 | D:4      | Reached XP level 5. HP: 29/30 MP: 6/6
  2029 | D:4      | Reached skill level 5 in Ranged Weapons
  2074 | D:4      | Noticed Natasha
  2078 | D:4      | 2078 ||| Stepping ~*~*~tactically~*~*~ (outnumbered).
  2081 | D:4      | Killed Natasha
  2111 | D:4      | Reached skill level 3 in Fighting
  2111 | D:4      | Reached XP level 6. HP: 14/37 MP: 7/7
  2202 | D:4      | Found Amimas's Jewellery Shoppe.
  2205 | D:4      | Noticed Natasha
  2214 | D:4      | Killed Natasha
  2226 | D:4      | 2226 ||| SHOPLISTING ring of fire (250 gold, have 151).
  2226 | D:4      | 2226 ||| SHOPLISTING ring of protection from cold (250
                  | gold, have 151).
  2235 | D:4      | Noticed Natasha
  2238 | D:4      | 2238 ||| Stepping ~*~*~tactically~*~*~ (outnumbered).
  2248 | D:4      | Killed Natasha
  2428 | D:4      | HP: 8/37 [iguana (2)]
  2429 | D:4      | 2429 ||| READING 3 scrolls of teleportation.
  2430 | D:4      | 2430 ||| DRINKING potion of heal wounds.
  2582 | D:4      | HP: 8/37 [ogre/+0 giant spiked club (11)]
  2583 | D:4      | 2583 ||| READING 2 scrolls of teleportation.
  2584 | D:4      | Slain by an ogre

Levels and vault maps discovered:
D:1:      dpeg_arrival_houses_and_road, layout_basic
D:2:      layout_basic
D:3:      layout_rooms
D:4:      layout_rooms, serial_shops, shop, uniq_natasha

Skill      XL: |  1  2  3  4  5 |
---------------+----------------+-----
Ranged Weapons | 3 4 5 |  5.8
Fighting       | 2 3 |  3.1
Armour         | 1 |  1.0
Dodging        | |  1.5
Spellcasting   | |  1.0
Hexes          | |  2.6

Action                     |  1- 3 |  4- 6 || total
---------------------------+-------+-------++-------
   Fire: Sling             |   104 |   148 ||   252
    Use: Scroll            |     6 |     2 ||     8
         Potion            |     2 |     2 ||     4
 Armour: Robe              |    15 |       ||    15
         Ring mail         |     6 |    42 ||    48
  Dodge: Dodged            |    31 |    43 ||    74

Table legend:
 A = Non-vault XP
 B = Vault XP
 C = Vault XP percentage of total XP
 D = Non-vault monster count
 E = Vault monster count
 F = Vault count percentage of total count
                 A         B        C        D         E       F
            +---------+---------+-------+---------+---------+-------
      Total |     408 |      35 |   7.9 |      78 |       1 |   1.3
            +---------+---------+-------+---------+---------+-------
        D:1 |      42 |       0 |   0.0 |      25 |       0 |   0.0
        D:2 |      36 |       0 |   0.0 |      14 |       0 |   0.0
        D:3 |      68 |       0 |   0.0 |      22 |       0 |   0.0
        D:4 |     262 |      35 |  11.8 |      17 |       1 |   5.6
            +---------+---------+-------+---------+---------+-------
